 Dungeon Crawl Stone Soup version 0.28-a0-1567-g1695149f81 (webtiles) character file.

Game seed: 14022709113940969963

212 issech the Skirmisher (level 5, -3/53 HPs)
             Began as a Troll Fighter on Jan 19, 2022.
             Slain by a water moccasin (4 damage)
             ... on level 3 of the Dungeon.
             The game lasted 00:10:14 (3066 turns).

issech the Skirmisher (Troll Fighter)               Turns: 3066, Time: 00:10:15

Health: -3/53      AC:  4    Str: 24    XL:     5   Next: 58%
Magic:  4/4        EV:  9    Int:  4    God:
Gold:   132        SH:  8    Dex: 11    Spells: 4/4 levels left

rFire   x . .      SeeInvis .   r - +2 rapier (venom)
rCold   + . .      Faith    .   c - +0 kite shield
rNeg    . . .      Spirit   .   b - +0 robe
rPois   .          Reflect  .   (helmet restricted)
rElec   .          Harm     .   (no cloak)
rCorr   .          Rampage  .   (gloves unavailable)
Will    +....                   (boots unavailable)
Stlth   +.........              (no amulet)
HPRegen 0.97/turn               u - ring of willpower
MPRegen 0.09/turn               B - ring of ice

@: lethally poisoned (-3 -> -7)
A: large, unfitting armour, claws 3, regeneration 1, shaggy fur 1, tough skin 1
a: no special abilities


You were on level 3 of the Dungeon.
You visited 1 branch of the dungeon, and saw 4 of its levels.

You collected 132 gold pieces.

Inventory:

Hand Weapons
 a - a +0 flail
 p - a +0 mace
 q - a +1 dagger of protection
 r - a +2 rapier of venom (weapon)
 s - a +0 mace
 x - a +0 great sword
Missiles
 e - 3 boomerangs (quivered)
 j - 20 bolts
 k - 129 stones
 l - 2 javelins
 t - 22 arrows
 v - 8 poisoned darts
Armour
 b - a +0 robe (worn)
 c - a +0 kite shield (worn)
Magical Staves
 m - a staff of cold
 y - a staff of poison
Jewellery
 u - a ring of willpower (left claw)
 B - a ring of ice (right claw)
Scrolls
 n - a scroll of holy word {unknown}
 o - a scroll of magic mapping {unknown}
 w - a scroll of teleportation {unknown}
 z - a scroll of identify
 A - a scroll of immolation {unknown}
Potions
 d - 2 potions of might
 f - a potion of berserk rage
 g - 2 potions of heal wounds
 h - a potion of flight
 i - a potion of resistance {unknown}


   Skills:
 + Level 3.2 Fighting
 + Level 0.1 Short Blades
 + Level 2.9 Maces & Flails
 + Level 0.5 Throwing
 + Level 3.2 Dodging
 + Level 0.6 Stealth
 + Level 3.2 Shields


You had 4 spell levels left.
You didn't know any spells.
Your spell library contained the following spells:

 Spells                   Type           Power      Damage    Failure   Level
 Static Discharge         Conj/Air       0%         N/A       90%         2
 Ozocubu's Armour         Ice            0%         N/A       99%         3
 Lightning Bolt           Conj/Air       0%         1d11      100%        5
 Ozocubu's Refrigeration  Ice            0%         4d5       100%        7
 Maxwell's Capacitive Co  Air            0%         ∞         100%        8


Dungeon Overview and Level Annotations

Branches:
Dungeon (4/15)
 Temple: D:4-7

Altars:


Innate Abilities, Weirdness & Mutations

You are too large for most types of armour.
You have claws for hands.
Your natural rate of healing is unusually fast.
You are covered in fur. (AC +1)
You have tough skin. (AC +1)


Message History

The water moccasin bites you but does no damage.
The water moccasin barely misses you.
You climb upwards.
There is a stone staircase leading down here.
The water moccasin bites you.
You are poisoned.
The water moccasin poisons you!
You puncture the water moccasin!
The water moccasin is poisoned.
The water moccasin is heavily wounded.
You feel very sick. The water moccasin bites you.
You are more poisoned.
The water moccasin poisons you! You block the water moccasin's attack.
You miss the water moccasin.
The water moccasin is heavily wounded.
You feel very sick. You block the water moccasin's attack.
You closely miss the water moccasin.
The water moccasin is heavily wounded.
You feel very sick. You block the water moccasin's attack.
The water moccasin bites you!
You closely miss the water moccasin.
The water moccasin is heavily wounded.
You feel very sick. The water moccasin bites you. x2
* * * LOW HITPOINT WARNING * * *
You hit the water moccasin.
The water moccasin is severely wounded.
You feel sick. The water moccasin bites you.
* * * LOW HITPOINT WARNING * * *
The water moccasin bites you.
* * * LOW HITPOINT WARNING * * *
You are lethally poisoned!
The water moccasin poisons you!
* * * LOW HITPOINT WARNING * * *
You feel very sick.
* * * LOW HITPOINT WARNING * * *
You feel very sick. The water moccasin closely misses you.
The water moccasin bites you.
You die...

...#.#.##...<....#
#....#####
####.#.##........#
#........#
.....#.##........#
##.......#
######.##........#
#.......# #.##[..>....#
#.#######
######.##........#######.##
......^##........##.......#
.########......S.##.......#
.# ##'#####@##.......# .#
#.....#.##.......#
.#########)....#.##.......#
...............#.##.......#
...............#.##.......#
...........#####.##.......#
..########.# #.##.......#
)#########.# #.#######.##
.).........#####.#######.#


You could see a water moccasin (poisoned).

Vanquished Creatures
  A centaur (D:3)
  Jessica (D:2)
  An orc wizard (D:3)
  4 adders
  A dart slug (D:2)
  2 orcs
  5 ball pythons
  4 bats
  3 endoplasms
  4 giant cockroaches
  2 goblins (D:3)
  4 hobgoblins
  A quokka (D:1)
  2 frilled lizards
  8 kobolds
  3 rats
46 creatures vanquished.

Notes
Turn   | Place    | Note
-------+----------+-------------------------------------------
     0 | D:1      | issech the Troll Fighter began the quest for the Orb.
     0 | D:1      | Reached XP level 1. HP: 22/22 MP: 0/0
    10 | D:1      | Found a faded altar of an unknown god.
   268 | D:1      | Reached XP level 2. HP: 29/29 MP: 1/1
   937 | D:2      | Noticed Jessica
   943 | D:2      | Killed Jessica
   944 | D:2      | Reached XP level 3. HP: 26/36 MP: 2/2
  1197 | D:2      | Reached XP level 4. HP: 43/45 MP: 3/3
  2081 | D:3      | Noticed a centaur
  2208 | D:3      | Killed a centaur
  2209 | D:3      | Reached XP level 5. HP: 34/53 MP: 4/4
  3045 | D:4      | Noticed a water moccasin
  3066 | D:3      | HP: 1/53 [poisoned by a water moccasin]
  3066 | D:3      | Slain by a water moccasin

Illustrated notes

Levels and vault maps discovered:
D:1:      dpeg_arrival_windows_large_door, layout_rooms, basic_ecumenical_altar,
          roderic_lattice_a
D:2:      layout_basic, uniq_jessica
D:3:      layout_basic
D:4:      layout_loops_ring, mainiacjoe_overflow_alcove_4,
          minmay_temple_entry_waves, minmay_stone_trees_small, goddamned_bats

Skill      XL: |  1  2  3  4 |
---------------+-------------+-----
Maces & Flails | 2 |  2.9
Fighting       | 3 |  3.2
Shields        | 3 |  3.2
Dodging        | 3 |  3.2
Short Blades   | |  0.1
Throwing       | |  0.5
Stealth        | |  0.6

Action                   |  1- 3 |  4- 6 || total
-------------------------+-------+-------++-------
Melee: Flail             |    69 |       ||    69
       Mace              |     4 |    61 ||    65
       Rapier            |       |    34 ||    34
Throw: Boomerang         |       |     9 ||     9
  Use: Scroll            |       |     3 ||     3
       Potion            |       |     1 ||     1
 Stab: Sleeping          |     1 |     2 ||     3
Armor: Robe              |    26 |    32 ||    58
Dodge: Dodged            |    39 |    35 ||    74
Block: Kite shield       |    28 |    47 ||    75

Table legend: (Time is in decaauts)
 A = Elapsed time spent in this place.
 B = Non-inter-level travel time spent in this place.
 C = Inter-level travel time spent in this place.
 D = Time resting spent in this place.
 E = Time spent auto-exploring this place.
 F = Levels seen in this place.
 G = Mean time per level.
                   A        B        C        D        E       F      G
               +--------+--------+--------+--------+--------+-----+--------+
         Total |   3138 |   2988 |    150 |      0 |   1775 |   4 |  784.5 |
       Dungeon |   3138 |   2988 |    150 |      0 |   1775 |   4 |  784.5 |
               +--------+--------+--------+--------+--------+-----+--------+

Top non-repeatable levels by time:
     D:3: 1177 daAuts
     D:2: 965 daAuts
     D:1: 847 daAuts
     D:4: 147 daAuts
